AoeStats
← Kalibra

Arabia

506903072Analyzed
1v1 RM · 16d ago on Sep 15, 2026· 34m 2s· 2 players
Game mode
Random Map
Map size
Tiny (2 player)
Population
200
Speed
Normal
Resources
Standard
Victory
Conquest
Starting age
Dark Age
Ending age
Imperial Age
RankedLock teamsTeams togetherTeam positionsShared explorationLock speedFull tech treeHidden civsTurbo modeCheats
Victory
Defeat
🇬🇧 Goths · United Kingdom
577
+19
🇹🇷 Khmer · Türkiye
636
-19
Marty
0:38 Loom
10:07 Feudal Age
10:49 Double-Bit Axe
12:48 Horse Collar
13:26 Man-at-Arms
22:10 Castle Age
21:08 Gold Mining
21:52 Stone Mining
22:56 Squires
23:24 Long Swordsman
23:24 Pikeman
24:15 Squires
23:48 Pikeman
28:50 Bow Saw
28:37 Town Watch
32:46 Elite Skirmisher
Kalibra
7:21 Loom
9:18 Feudal Age
12:02 Double-Bit Axe
18:12 Castle Age
17:02 Forging
30:17 Scale Barding Armor
30:49 Iron Casting
30:06 Fletching
30:45 Padded Archer Armor
32:39 Chain Barding Armor
Connection lost

Rejoining the realm…

Still unreachable

The connection could not be restored.

Session expired

The server has moved on; the page needs a fresh start.